 Dungeon Crawl Stone Soup version 0.27.1-33-g824d729ab1 (webtiles) character file.

Game seed: 8173128901143817596

1121 Siimlane the Skirmisher (level 8, -2/83 HPs)
             Began as a Troll Monk on Dec 11, 2021.
             Was a Follower of Uskayaw.
             Slain by a troll (6 damage)
             ... on level 5 of the Dungeon.
             The game lasted 00:43:09 (7513 turns).

Siimlane the Skirmisher (Troll Monk)                Turns: 7513, Time: 00:43:09

Health: -2/83      AC:  4    Str: 20    XL:     8   Next: 12%
Magic:  7/7        EV: 11    Int:  6    God:    Uskayaw [*.....]
Gold:   243        SH:  0    Dex: 12    Spells: 7/7 levels left

rFire    . . .     SeeInvis .   h - +3 glaive (protect)
rCold    . . .     Faith    .   (shield currently unavailable)
rNeg     . . .     Spirit   .   b - +0 robe
rPois    +         Reflect  .   (helmet restricted)
rElec    .         Harm     .   (no cloak)
rCorr    .         Rampage  .   (gloves unavailable)
Will     .....                  (boots unavailable)
Stlth    ++........             (no amulet)
HPRegen  1.23/turn              r - ring of poison resistance
MPRegen  0.10/turn              (no ring)

@: mighty, studying Summonings
A: large, unfitting armour, claws 3, regeneration 1, shaggy fur 1, tough skin 1,
weak 1
a: Renounce Religion, Stomp


You were on level 5 of the Dungeon.
You worshipped Uskayaw.
Uskayaw was noncommittal.
You visited 1 branch of the dungeon, and saw 5 of its levels.

You collected 243 gold pieces.

Inventory:

Hand Weapons
 a - a +0 spear
 e - a +0 short sword
 h - a +3 glaive of protection (weapon)
Armour
 b - a +0 robe (worn)
 c - a +0 plate armour
 g - a +0 ring mail
Jewellery
 r - a ring of poison resistance (left claw)
Wands
 f - a wand of digging (3)
Scrolls
 d - 2 scrolls of identify
 i - 2 scrolls of immolation
 m - a scroll of teleportation
 n - a scroll of holy word {unknown}
 p - a scroll of enchant armour
 q - 2 scrolls of magic mapping
Potions
 j - 2 potions of heal wounds
 l - a potion of flight
 o - a potion of curing


   Skills:
 * Level 6.1 Fighting
 + Level 4.6 Polearms
 + Level 4.6 Dodging
 - Level 1.1 Stealth


You had 7 spell levels left.
You didn't know any spells.
Your spell library contained the following spells:

 Spells                   Type           Power      Damage    Failure   Level
 Animate Skeleton         Necr           0%         N/A       45%         1
 Apportation              Tloc           0%         N/A       45%         1
 Corona                   Hex            0%         N/A       45%         1
 Summon Small Mammal      Summ           0%         N/A       45%         1


Dungeon Overview and Level Annotations

Branches:
Dungeon (5/15)
 Temple: D:4-7

Altars:
Trog
Uskayaw
Xom

Shops:
D:5 *


Innate Abilities, Weirdness & Mutations

You are too large for most types of armour.
You have claws for hands.
Your natural rate of healing is unusually fast.
You are covered in fur. (AC +1)
You have tough skin. (AC +1)
You are weak. (Str -2)


Message History

The troll claws you!
* * * LOW HITPOINT WARNING * * *
You feel much better.
You are too injured to fight recklessly!
You feel very mighty all of a sudden. The troll bites you.
The troll closely misses you. The troll claws you!
You are too injured to fight recklessly!
Found a potion of mutation.
Found a trident.
You see here a potion of flight.
Found 10 gold pieces.
The troll bites you! The troll closely misses you. The troll barely misses you.
Found a trident.
You see here a potion of mutation.
The troll bites you but does no damage. The troll claws you.
The troll closely misses you.
An iguana comes into view.
There are monsters nearby!
There are monsters nearby!
You are too injured to fight recklessly!
You are too injured to fight recklessly!
You are too injured to fight recklessly!
You are too injured to fight recklessly!
You are too injured to fight recklessly!
You are too injured to fight recklessly!
The troll bites you! The troll claws you!
* * * LOW HITPOINT WARNING * * *
The troll claws you but does no damage. The troll bites you but does no damage.
The troll closely misses you. The troll claws you!
* * * LOW HITPOINT WARNING * * *
You barely miss the iguana. The iguana closely misses you. The troll bites you.
* * * LOW HITPOINT WARNING * * *
The troll misses you. x2; The iguana bites you.
* * * LOW HITPOINT WARNING * * *
You are too injured to fight recklessly!
You feel better. The troll bites you!
* * * LOW HITPOINT WARNING * * *
The troll claws you but does no damage. The troll claws you.
You die...

....###.).............##
.......#######....).....
.......# ###...........
.......# #.........l.#
...#...# #..#....######
...........##....#
####..)#### #....###.#
...# #...l....# ...#
#..T@##### ...# #....#
######


You could see a troll and an iguana.

Vanquished Creatures
  Grinder (D:3)
  Eustachio (D:5)
  The ghost of Grabarz the Grave Robber, an amateur DENe (D:4)
  A black bear (D:5)
  2 ogres (D:5)
  A scorpion (D:5)
  A hound (D:4)
  An orc priest (D:4)
  2 iguanas (D:4)
  An orc wizard (D:3)
  Robin (D:3)
  9 gnolls (D:4)
  2 adders
  5 worms
  A dart slug (D:4)
  5 orcs
  9 endoplasms
  5 giant cockroaches
  14 goblins
  10 hobgoblins
  8 jackals
  7 kobolds
  4 quokkas
  4 ball pythons
  6 bats
  2 frilled lizards
  5 rats
109 creatures vanquished.

Vanquished Creatures (others)
  6 plants (D:4)
6 creatures vanquished.

Grand Total: 115 creatures vanquished

Notes
Turn   | Place    | Note
-------+----------+-------------------------------------------
     0 | D:1      | Siimlane the Troll Monk began the quest for the Orb.
     0 | D:1      | Reached XP level 1. HP: 22/22 MP: 0/0
   750 | D:1      | Reached XP level 2. HP: 26/29 MP: 1/1
  2292 | D:2      | Reached XP level 3. HP: 36/36 MP: 2/2
  3190 | D:2      | Found a hide-covered altar of Uskayaw.
  3216 | D:2      | Reached skill level 3 in Fighting
  3498 | D:2      | Identified a scroll of acquirement
  3499 | D:2      | Acquired a +3 glaive of protection
  4018 | D:2      | Became a worshipper of Uskayaw the Reveller
  4018 | D:2      | Reached * piety under Uskayaw
  4293 | D:3      | Noticed Robin
  4302 | D:3      | Reached ** piety under Uskayaw
  4304 | D:3      | Reached XP level 4. HP: 45/45 MP: 3/3
  4356 | D:3      | Killed Robin
  4450 | D:3      | Gained mutation: Your flesh is cold resistant. (rC+)
                  | [potion of mutation]
  4957 | D:3      | Noticed Grinder
  4962 | D:3      | Paralysed by Grinder for 6 turns
  4970 | D:3      | Paralysed by Grinder for 3 turns
  4973 | D:3      | Killed Grinder
  4974 | D:3      | Reached skill level 4 in Fighting
  4974 | D:3      | Reached XP level 5. HP: 51/54 MP: 4/4
  4974 | D:3      | Reached XP level 6. HP: 59/62 MP: 5/5
  5367 | D:4      | Noticed Grabarz's ghost (amateur DENe)
  5386 | D:4      | Found a shimmering altar of Xom.
  5386 | D:4      | Found a bloodstained altar of Trog.
  5602 | D:4      | Found a transporter.
  6031 | D:4      | Reached *** piety under Uskayaw
  6271 | D:4      | Found a transporter.
  6848 | D:4      | Killed Grabarz's ghost
  6849 | D:4      | Reached skill level 5 in Fighting
  6849 | D:4      | Reached XP level 7. HP: 48/72 MP: 6/6
  6851 | D:4      | Reached **** piety under Uskayaw
  6857 | D:4      | Reached ***** piety under Uskayaw
  7018 | D:4      | Lost mutation: Your flesh is cold resistant. (rC+) [potion
                  | of mutation]
  7018 | D:4      | Gained mutation: You are weak. (Str -2) [potion of
                  | mutation]
  7162 | D:5      | Entered Level 5 of the Dungeon
  7162 | D:5      | Found Ceshried's Assorted Antiques.
  7329 | D:5      | Noticed Eustachio
  7372 | D:5      | Killed Eustachio
  7373 | D:5      | Reached skill level 6 in Fighting
  7373 | D:5      | Reached XP level 8. HP: 48/83 MP: 7/7
  7472 | D:5      | Noticed a troll
  7512 | D:5      | HP: 4/83 [iguana (3)]
  7513 | D:5      | Slain by a troll

Illustrated notes

Levels and vault maps discovered:
D:1:      ncdulo_wetmaze, layout_basic, st_stairs_4
D:2:      layout_basic, basic_altar, serial_bayou_crossing
D:3:      layout_basic, grunt_decor_arrowhead, solitary_fountain,
          kennysheep_cross_room, uniq_grinder, uniq_robin
D:4:      wad_pebble_path, layout_basic, grunt_temple_overflow_open,
          gammafunk_ghost_gnarly_gnolls, chequers_serial_rivers_small_b,
          st_stairs_7
D:5:      layout_rooms, serial_shops, nicolae_shop_waterfront,
          roderic_roman_lattice, uniq_eustachio

Skill      XL: |  1  2  3  4  5  6  7 |
---------------+----------------------+-----
Fighting       | 3 4 5 6 |  6.1
Polearms       | 3 4 |  4.6
Dodging        | 3 4 |  4.6
Stealth        | |  1.1

Action                   |  1- 3 |  4- 6 |  7- 9 || total
-------------------------+-------+-------+-------++-------
Melee: Spear             |   116 |       |       ||   116
       Glaive            |    46 |   128 |    46 ||   220
Evoke: Wand              |     1 |       |       ||     1
  Use: Scroll            |     4 |     1 |     4 ||     9
       Potion            |     3 |     2 |     5 ||    10
 Stab: Sleeping          |     3 |     5 |     2 ||    10
       Paralysed         |       |       |     3 ||     3
Armor: Robe              |    67 |    84 |    17 ||   168
Dodge: Dodged            |    92 |   115 |    38 ||   245
